[ AOE2 MATCH · #478038734 ]
UnrankedEthiopians vs Mongols
[ REPLAY ANALYSIS · EXTRACTED FROM THE RECORDED GAME ]
Feudal
8:56
Castle
—
Imperial
—
| APM avg | 56.9 |
| APM peak | 99 |
| eAPM avg | 18.2 |
| Villagers / military | 60 / 34 |
Focus
⚔️ 36.7% · 🌾 63.3%
Archer ×34
Feudal
8:31
Castle
24:52
Imperial
—
| APM avg | 57.2 |
| APM peak | 96 |
| eAPM avg | 19.7 |
| Villagers / military | 51 / 44 |
Focus
⚔️ 44.6% · 🌾 55.4%
Archer ×41 · Militia ×3
Feudal
8:52
Castle
22:22
Imperial
—
| APM avg | 53.5 |
| APM peak | 88 |
| eAPM avg | 24.8 |
| Villagers / military | 68 / 23 |
Focus
⚔️ 40.5% · 🌾 59.5%
Knight ×12 · Scout Cavalry ×10 · Spearman ×1
Feudal
9:09
Castle
—
Imperial
—
| APM avg | 43.6 |
| APM peak | 75 |
| eAPM avg | 13.3 |
| Villagers / military | 52 / 39 |
Focus
⚔️ 31.9% · 🌾 68.1%
Scout Cavalry ×38 · Spearman ×1
Feudal
8:30
Castle
24:35
Imperial
—
| APM avg | 52.6 |
| APM peak | 102 |
| eAPM avg | 20.2 |
| Villagers / military | 61 / 62 |
Focus
⚔️ 36.0% · 🌾 64.0%
Archer ×60 · Spearman ×2
Feudal
9:25
Castle
—
Imperial
—
| APM avg | 44.5 |
| APM peak | 76 |
| eAPM avg | 18.3 |
| Villagers / military | 74 / 52 |
Focus
⚔️ 41.0% · 🌾 59.0%
Archer ×52
Match map
Initial resources + every placement click. Lines = walls · curves = elevation contours. ◆ gold · ⬟ stone · ● berries · ✦ relic · ◌ wall gap
Your base· Open — unwalled flank
Hebron's base· Open — unwalled flank
c3mbrillo p3pinillo's base· Open — 4t gap
champyinz21's base· Open — unwalled flank
Vlad von Carstein's base· Open — 10t gap
Myrmidon Overlord's base· Open — unwalled flank
Smoothed initial terrain · ◌ = detected wall gap · hover for details
Inputs per minute
— MDkaiserotto - - Hebron
Build order — MDkaiserotto
First 150 of 157 actions detected
| 0:00 | Create | Villager (Male) |
| 0:00 | Create | Villager (Male) |
| 0:01 | Create | Villager (Male) |
| 0:02 | Build | House |
| 0:04 | Build | House |
| 0:22 | Create | Villager (Male) |
| 1:35 | Create | Villager (Male) |
| 1:56 | Build | Lumber Camp |
| 2:10 | Create | Villager (Male) |
| 2:22 | Create | Villager (Male) |
| 2:22 | Create | Villager (Male) |
| 3:01 | Create | Villager (Male) |
| 3:01 | Create | Villager (Male) |
| 3:25 | Create | Villager (Male) |
| 3:25 | Create | Villager (Male) |
| 3:59 | Build | House |
| 4:01 | Build | House |
| 4:16 | Create | Villager (Male) |
| 4:16 | Create | Villager (Male) |
| 4:27 | Build | Mining Camp |
| 4:33 | Build | Mining Camp |
| 4:35 | Create | Villager (Male) |
| 4:55 | Create | Villager (Male) |
| 4:55 | Create | Villager (Male) |
| 5:46 | Create | Villager (Male) |
| 5:47 | Research | Loom |
| 6:46 | Research | Feudal Age |
| 7:53 | Build | Barracks |
| 8:04 | Build | House |
| 8:56 | Age | Feudal Age |
| 9:00 | Create | Villager (Male) |
| 9:02 | Build | Archery Range |
| 9:07 | Build | Archery Range |
| 9:11 | Research | Double-Bit Axe |
| 9:14 | Create | Villager (Male) |
| 9:29 | Build | House |
| 9:30 | Build | House |
| 9:31 | Create | Villager (Male) |
| 10:02 | Create | Archer |
| 10:02 | Create | Archer |
| 10:14 | Create | Villager (Male) |
| 10:20 | Create | Archer |
| 10:20 | Create | Archer |
| 10:51 | Create | Villager (Male) |
| 10:52 | Create | Villager (Male) |
| 11:26 | Build | Blacksmith |
| 11:34 | Create | Archer |
| 11:34 | Create | Archer |
| 11:52 | Create | Villager (Male) |
| 11:53 | Create | Villager (Male) |
| 11:56 | Create | Archer |
| 11:56 | Create | Archer |
| 12:04 | Build | House |
| 12:05 | Build | Palisade Wall |
| 12:14 | Create | Archer |
| 12:26 | Create | Archer |
| 12:27 | Create | Archer |
| 12:28 | Create | Villager (Male) |
| 12:28 | Create | Villager (Male) |
| 12:48 | Research | Fletching |
| 12:57 | Build | Lumber Camp |
| 13:10 | Create | Villager (Male) |
| 13:10 | Create | Villager (Male) |
| 13:31 | Create | Villager (Male) |
| 13:31 | Create | Villager (Male) |
| 13:49 | Create | Villager (Male) |
| 13:53 | Build | Watch Tower |
| 14:08 | Create | Villager (Male) |
| 14:09 | Create | Archer |
| 14:09 | Create | Archer |
| 14:12 | Build | Watch Tower |
| 15:03 | Create | Archer |
| 15:03 | Create | Archer |
| 15:18 | Build | Mill |
| 15:33 | Create | Archer |
| 15:35 | Create | Archer |
| 15:36 | Create | Archer |
| 15:59 | Create | Archer |
| 15:59 | Create | Archer |
| 16:02 | Build | Mining Camp |
| 16:22 | Create | Villager (Male) |
| 16:24 | Build | House |
| 16:25 | Build | House |
| 16:33 | Research | Padded Archer Armor |
| 17:22 | Create | Villager (Male) |
| 17:22 | Create | Villager (Male) |
| 17:26 | Build | Farm |
| 17:27 | Build | Farm |
| 17:27 | Build | Farm |
| 17:27 | Build | Farm |
| 17:27 | Build | Farm |
| 17:29 | Create | Villager (Male) |
| 17:44 | Create | Villager (Male) |
| 17:44 | Create | Villager (Male) |
| 17:46 | Build | Farm |
| 18:11 | Create | Villager (Male) |
| 18:11 | Create | Villager (Male) |
| 18:11 | Create | Archer |
| 18:12 | Create | Archer |
| 18:24 | Build | Farm |
| 18:27 | Create | Archer |
| 18:27 | Create | Archer |
| 18:30 | Create | Villager (Male) |
| 18:30 | Create | Villager (Male) |
| 19:16 | Create | Archer |
| 19:16 | Create | Archer |
| 19:16 | Create | Archer |
| 19:18 | Create | Villager (Male) |
| 19:19 | Create | Villager (Male) |
| 19:23 | Build | Farm |
| 19:23 | Build | Farm |
| 19:27 | Build | House |
| 19:28 | Build | House |
| 19:44 | Create | Archer |
| 19:44 | Create | Archer |
| 19:45 | Create | Villager (Male) |
| 19:45 | Create | Villager (Male) |
| 19:50 | Create | Villager (Male) |
| 19:51 | Create | Villager (Male) |
| 19:52 | Build | Farm |
| 20:12 | Create | Villager (Male) |
| 20:14 | Build | Farm |
| 20:43 | Create | Archer |
| 20:47 | Build | Farm |
| 21:24 | Create | Archer |
| 21:24 | Create | Archer |
| 21:31 | Create | Villager (Male) |
| 21:34 | Create | Villager (Male) |
| 21:50 | Build | House |
| 21:50 | Build | House |
| 22:10 | Build | House |
| 22:12 | Build | Palisade Wall |
| 22:19 | Create | Villager (Male) |
| 22:19 | Create | Villager (Male) |
| 22:31 | Build | House |
| 22:33 | Build | House |
| 22:36 | Build | Palisade Wall |
| 22:47 | Build | House |
| 22:49 | Build | Palisade Wall |
| 23:05 | Create | Villager (Male) |
| 23:14 | Build | Market |
| 23:22 | Create | Villager (Male) |
| 23:23 | Create | Villager (Male) |
| 23:29 | Build | Farm |
| 23:30 | Build | Farm |
| 23:30 | Build | Farm |
| 23:30 | Build | Farm |
| 23:32 | Build | Farm |
| 23:36 | Build | Farm |
| 23:45 | Create | Villager (Male) |
Build order — Hebron
First 150 of 157 actions detected
| 0:02 | Create | Villager (Male) |
| 0:02 | Create | Villager (Male) |
| 0:02 | Create | Villager (Male) |
| 0:04 | Build | House |
| 0:05 | Build | House |
| 0:16 | Create | Villager (Male) |
| 1:45 | Create | Villager (Male) |
| 1:46 | Create | Villager (Male) |
| 1:50 | Build | Lumber Camp |
| 2:35 | Create | Villager (Male) |
| 2:36 | Create | Villager (Male) |
| 2:43 | Create | Villager (Male) |
| 2:43 | Create | Villager (Male) |
| 3:16 | Create | Villager (Male) |
| 3:52 | Create | Villager (Male) |
| 3:57 | Build | House |
| 4:48 | Build | Barracks |
| 4:59 | Create | Villager (Male) |
| 4:59 | Create | Villager (Male) |
| 5:37 | Build | Mining Camp |
| 5:40 | Create | Villager (Male) |
| 5:40 | Research | Loom |
| 5:51 | Build | Palisade Wall |
| 6:06 | Research | Feudal Age |
| 6:07 | Research | Feudal Age |
| 6:45 | Create | Militia |
| 6:45 | Create | Militia |
| 6:52 | Build | House |
| 7:12 | Create | Militia |
| 7:35 | Build | House |
| 7:58 | Create | Villager (Male) |
| 7:58 | Create | Villager (Male) |
| 8:31 | Age | Feudal Age |
| 8:31 | Research | Man-at-Arms (upgrade) |
| 8:31 | Research | Man-at-Arms (upgrade) |
| 8:35 | Build | Archery Range |
| 8:57 | Create | Villager (Male) |
| 9:02 | Build | House |
| 9:15 | Research | Double-Bit Axe |
| 9:49 | Create | Villager (Male) |
| 9:49 | Create | Villager (Male) |
| 9:50 | Create | Archer |
| 9:50 | Create | Archer |
| 10:12 | Create | Villager (Male) |
| 10:15 | Build | House |
| 10:18 | Build | Blacksmith |
| 10:25 | Build | Lumber Camp |
| 10:41 | Create | Villager (Male) |
| 10:42 | Create | Archer |
| 10:50 | Build | Mill |
| 11:27 | Create | Villager (Male) |
| 11:27 | Create | Villager (Male) |
| 11:31 | Build | Farm |
| 11:32 | Build | Farm |
| 11:41 | Build | House |
| 12:17 | Create | Villager (Male) |
| 12:18 | Create | Villager (Male) |
| 12:19 | Create | Archer |
| 12:37 | Create | Archer |
| 12:37 | Create | Archer |
| 12:56 | Create | Villager (Male) |
| 12:57 | Build | Farm |
| 12:58 | Build | Farm |
| 13:00 | Create | Archer |
| 13:17 | Create | Villager (Male) |
| 13:29 | Build | House |
| 13:40 | Build | Farm |
| 13:48 | Create | Villager (Male) |
| 14:06 | Build | Farm |
| 14:13 | Create | Villager (Male) |
| 14:19 | Build | Farm |
| 14:26 | Create | Villager (Male) |
| 14:28 | Build | House |
| 14:29 | Build | House |
| 14:38 | Create | Archer |
| 14:48 | Create | Villager (Male) |
| 14:58 | Build | Watch Tower |
| 15:03 | Create | Villager (Male) |
| 15:09 | Build | House |
| 15:36 | Create | Villager (Male) |
| 15:43 | Create | Archer |
| 15:43 | Create | Archer |
| 16:03 | Create | Villager (Male) |
| 16:04 | Create | Villager (Male) |
| 16:25 | Create | Villager (Male) |
| 16:25 | Create | Archer |
| 16:26 | Create | Archer |
| 16:44 | Create | Villager (Male) |
| 16:44 | Create | Archer |
| 16:57 | Build | House |
| 16:58 | Build | House |
| 17:06 | Research | Fletching |
| 17:12 | Build | House |
| 17:12 | Build | House |
| 17:15 | Build | House |
| 17:18 | Build | House |
| 17:22 | Create | Archer |
| 17:24 | Create | Villager (Male) |
| 17:27 | Build | Farm |
| 17:33 | Research | Padded Archer Armor |
| 17:35 | Create | Archer |
| 17:36 | Create | Archer |
| 17:49 | Create | Villager (Male) |
| 17:56 | Build | Farm |
| 18:03 | Build | Archery Range |
| 18:08 | Create | Villager (Male) |
| 18:11 | Create | Villager (Male) |
| 18:12 | Create | Archer |
| 18:12 | Create | Archer |
| 18:17 | Build | Farm |
| 18:28 | Create | Archer |
| 18:28 | Create | Archer |
| 18:35 | Build | Palisade Gate |
| 18:36 | Build | House |
| 18:47 | Build | Farm |
| 18:50 | Build | Farm |
| 19:05 | Create | Archer |
| 19:07 | Create | Villager (Male) |
| 19:09 | Create | Archer |
| 19:09 | Create | Archer |
| 19:15 | Build | Farm |
| 19:31 | Build | Farm |
| 19:54 | Create | Villager (Male) |
| 19:55 | Create | Archer |
| 19:55 | Create | Archer |
| 20:22 | Create | Villager (Male) |
| 20:23 | Create | Archer |
| 20:23 | Create | Archer |
| 20:45 | Build | Lumber Camp |
| 20:50 | Create | Villager (Male) |
| 20:54 | Create | Archer |
| 20:55 | Create | Villager (Male) |
| 21:07 | Create | Archer |
| 21:21 | Create | Archer |
| 21:21 | Create | Archer |
| 21:31 | Create | Villager (Male) |
| 21:43 | Build | Lumber Camp |
| 21:50 | Create | Villager (Male) |
| 22:12 | Research | Castle Age |
| 22:12 | Research | Castle Age |
| 22:21 | Create | Archer |
| 22:21 | Create | Archer |
| 22:29 | Create | Archer |
| 22:29 | Create | Archer |
| 22:42 | Build | Farm |
| 22:47 | Create | Villager (Male) |
| 23:05 | Create | Villager (Male) |
| 23:07 | Create | Archer |
| 23:21 | Create | Archer |
| 23:21 | Create | Archer |
Build order — c3mbrillo p3pinillo
First 150 of 161 actions detected
| 0:00 | Create | Villager (Male) |
| 0:02 | Build | House |
| 0:04 | Build | House |
| 0:07 | Create | Villager (Male) |
| 0:09 | Create | Villager (Male) |
| 0:13 | Create | Villager (Male) |
| 0:16 | Create | Villager (Male) |
| 1:22 | Create | Villager (Male) |
| 2:23 | Create | Villager (Male) |
| 2:44 | Create | Villager (Male) |
| 3:06 | Create | Villager (Male) |
| 3:24 | Build | Lumber Camp |
| 3:33 | Create | Villager (Male) |
| 3:35 | Build | House |
| 3:37 | Create | Villager (Male) |
| 3:49 | Create | Villager (Male) |
| 4:08 | Create | Villager (Male) |
| 4:36 | Create | Villager (Male) |
| 4:51 | Create | Villager (Male) |
| 4:55 | Create | Villager (Male) |
| 5:06 | Build | House |
| 5:07 | Build | House |
| 5:10 | Build | House |
| 5:12 | Build | House |
| 5:16 | Build | Mill |
| 5:18 | Build | Mill |
| 5:20 | Create | Villager (Male) |
| 5:37 | Create | Villager (Male) |
| 6:27 | Research | Loom |
| 6:37 | Build | Lumber Camp |
| 6:47 | Research | Feudal Age |
| 6:54 | Research | Loom |
| 7:23 | Create | Villager (Male) |
| 7:38 | Create | Villager (Male) |
| 8:05 | Create | Villager (Male) |
| 8:12 | Build | Barracks |
| 8:22 | Create | Villager (Male) |
| 8:52 | Age | Feudal Age |
| 8:53 | Create | Villager (Male) |
| 9:04 | Create | Villager (Male) |
| 9:14 | Build | Stable |
| 9:34 | Create | Villager (Male) |
| 9:41 | Build | House |
| 9:59 | Create | Scout Cavalry |
| 9:59 | Create | Scout Cavalry |
| 10:00 | Create | Scout Cavalry |
| 10:02 | Create | Villager (Male) |
| 10:16 | Create | Scout Cavalry |
| 10:20 | Build | House |
| 10:43 | Create | Villager (Male) |
| 10:45 | Research | Horse Collar |
| 10:53 | Build | House |
| 10:55 | Create | Villager (Male) |
| 11:07 | Create | Scout Cavalry |
| 11:08 | Build | Farm |
| 11:10 | Build | Farm |
| 11:12 | Build | Farm |
| 11:14 | Build | Farm |
| 11:18 | Create | Villager (Male) |
| 11:20 | Build | Farm |
| 11:31 | Build | House |
| 11:32 | Build | Palisade Wall |
| 11:41 | Build | House |
| 11:43 | Create | Villager (Male) |
| 11:47 | Create | Scout Cavalry |
| 11:54 | Create | Scout Cavalry |
| 11:57 | Create | Spearman |
| 12:08 | Create | Villager (Male) |
| 12:20 | Create | Villager (Male) |
| 12:34 | Create | Villager (Male) |
| 12:50 | Create | Villager (Male) |
| 12:54 | Create | Villager (Male) |
| 12:58 | Create | Villager (Male) |
| 13:05 | Build | Palisade Wall |
| 13:12 | Build | Palisade Wall |
| 13:22 | Build | Farm |
| 13:22 | Build | Farm |
| 13:25 | Build | Farm |
| 13:25 | Create | Villager (Male) |
| 13:26 | Build | Farm |
| 13:39 | Create | Scout Cavalry |
| 13:45 | Build | Palisade Wall |
| 13:48 | Build | House |
| 13:52 | Build | Palisade Wall |
| 14:04 | Build | Farm |
| 14:05 | Create | Villager (Male) |
| 14:09 | Create | Scout Cavalry |
| 14:10 | Create | Scout Cavalry |
| 14:25 | Create | Villager (Male) |
| 14:26 | Build | Farm |
| 14:32 | Build | Farm |
| 14:38 | Create | Villager (Male) |
| 14:39 | Build | Farm |
| 14:42 | Build | Farm |
| 14:50 | Build | House |
| 14:50 | Create | Villager (Male) |
| 14:52 | Build | House |
| 15:00 | Build | Watch Tower |
| 15:04 | Build | House |
| 15:10 | Create | Villager (Male) |
| 15:14 | Create | Villager (Male) |
| 15:34 | Build | Farm |
| 15:42 | Build | Farm |
| 15:43 | Create | Villager (Male) |
| 16:07 | Create | Villager (Male) |
| 16:09 | Build | Farm |
| 16:16 | Create | Villager (Male) |
| 16:23 | Create | Villager (Male) |
| 16:50 | Build | Farm |
| 16:52 | Build | Farm |
| 17:12 | Build | Farm |
| 17:18 | Research | Wheelbarrow |
| 17:26 | Create | Villager (Male) |
| 17:47 | Build | Mining Camp |
| 17:55 | Create | Villager (Male) |
| 18:06 | Create | Villager (Male) |
| 18:24 | Create | Villager (Male) |
| 18:41 | Create | Villager (Male) |
| 18:50 | Create | Villager (Male) |
| 19:00 | Build | Blacksmith |
| 19:11 | Create | Villager (Male) |
| 19:22 | Research | Gold Mining |
| 19:27 | Research | Double-Bit Axe |
| 19:32 | Create | Villager (Male) |
| 19:57 | Research | Castle Age |
| 19:59 | Build | Farm |
| 20:41 | Research | Bloodlines |
| 20:45 | Build | Stable |
| 21:26 | Research | Scale Barding Armor |
| 21:38 | Create | Villager (Male) |
| 22:07 | Create | Villager (Male) |
| 22:22 | Age | Castle Age |
| 22:23 | Create | Knight |
| 22:23 | Create | Knight |
| 22:26 | Research | Chain Barding Armor |
| 22:29 | Research | Bow Saw |
| 22:29 | Research | Bow Saw |
| 22:55 | Create | Villager (Male) |
| 22:56 | Create | Knight |
| 23:02 | Create | Knight |
| 23:02 | Create | Knight |
| 23:09 | Create | Knight |
| 23:10 | Create | Villager (Male) |
| 23:15 | Build | Town Center |
| 23:22 | Create | Villager (Male) |
| 23:36 | Create | Knight |
| 23:36 | Create | Knight |
| 23:43 | Create | Villager (Male) |
| 23:55 | Create | Villager (Male) |
| 23:58 | Create | Knight |
Build order — champyinz21
First 150 of 152 actions detected
| 0:00 | Create | Villager (Male) |
| 0:01 | Create | Villager (Male) |
| 0:01 | Create | Villager (Male) |
| 0:01 | Create | Villager (Male) |
| 0:03 | Build | House |
| 0:05 | Build | House |
| 1:43 | Create | Villager (Male) |
| 1:43 | Create | Villager (Male) |
| 1:47 | Build | Lumber Camp |
| 2:10 | Create | Villager (Male) |
| 2:10 | Create | Villager (Male) |
| 2:34 | Create | Villager (Male) |
| 3:04 | Create | Villager (Male) |
| 3:04 | Create | Villager (Male) |
| 3:18 | Create | Villager (Male) |
| 3:55 | Create | Villager (Male) |
| 4:00 | Build | House |
| 4:16 | Create | Villager (Male) |
| 4:17 | Create | Villager (Male) |
| 4:34 | Build | Mill |
| 4:50 | Create | Villager (Male) |
| 5:00 | Create | Villager (Male) |
| 5:21 | Create | Villager (Male) |
| 5:40 | Create | Villager (Male) |
| 6:04 | Create | Villager (Male) |
| 6:06 | Research | Loom |
| 6:59 | Research | Feudal Age |
| 6:59 | Research | Feudal Age |
| 7:31 | Create | Villager (Male) |
| 7:52 | Build | House |
| 8:14 | Build | Barracks |
| 8:17 | Create | Villager (Male) |
| 9:09 | Age | Feudal Age |
| 9:14 | Build | Stable |
| 9:36 | Build | House |
| 9:39 | Research | Double-Bit Axe |
| 9:44 | Create | Villager (Male) |
| 9:57 | Create | Scout Cavalry |
| 9:57 | Create | Scout Cavalry |
| 10:13 | Build | House |
| 10:14 | Create | Villager (Male) |
| 10:23 | Build | Palisade Wall |
| 10:25 | Build | Palisade Wall |
| 10:27 | Build | House |
| 10:29 | Create | Scout Cavalry |
| 10:31 | Create | Villager (Male) |
| 10:52 | Build | Farm |
| 11:00 | Create | Scout Cavalry |
| 11:01 | Create | Villager (Male) |
| 11:40 | Create | Scout Cavalry |
| 11:40 | Create | Scout Cavalry |
| 11:42 | Create | Villager (Male) |
| 11:48 | Build | Farm |
| 11:50 | Build | Farm |
| 11:52 | Build | Farm |
| 11:54 | Build | Farm |
| 11:56 | Build | Farm |
| 11:58 | Create | Villager (Male) |
| 12:02 | Build | House |
| 12:38 | Build | Blacksmith |
| 12:42 | Create | Scout Cavalry |
| 12:43 | Create | Villager (Male) |
| 13:00 | Create | Scout Cavalry |
| 13:01 | Create | Villager (Male) |
| 13:07 | Build | Farm |
| 13:07 | Build | Farm |
| 13:07 | Build | Farm |
| 13:12 | Build | Farm |
| 13:16 | Create | Villager (Male) |
| 13:31 | Build | House |
| 13:36 | Build | Farm |
| 13:40 | Build | House |
| 13:42 | Build | House |
| 13:45 | Create | Scout Cavalry |
| 13:47 | Create | Villager (Male) |
| 14:23 | Research | Scale Barding Armor |
| 14:30 | Build | Farm |
| 14:30 | Build | Farm |
| 14:31 | Build | Farm |
| 14:31 | Build | Farm |
| 14:31 | Build | Farm |
| 14:35 | Create | Villager (Male) |
| 14:57 | Create | Scout Cavalry |
| 15:11 | Create | Scout Cavalry |
| 15:35 | Create | Scout Cavalry |
| 16:10 | Create | Villager (Male) |
| 16:10 | Create | Villager (Male) |
| 16:27 | Build | Farm |
| 16:27 | Build | Farm |
| 16:40 | Build | Stable |
| 16:45 | Build | Farm |
| 16:48 | Build | Farm |
| 16:48 | Build | Farm |
| 16:49 | Build | Farm |
| 17:05 | Create | Scout Cavalry |
| 17:22 | Research | Fletching |
| 17:22 | Research | Fletching |
| 17:32 | Create | Scout Cavalry |
| 17:33 | Create | Villager (Male) |
| 17:53 | Create | Scout Cavalry |
| 17:55 | Create | Villager (Male) |
| 18:04 | Create | Villager (Male) |
| 18:19 | Create | Scout Cavalry |
| 18:19 | Create | Scout Cavalry |
| 18:31 | Build | Lumber Camp |
| 18:46 | Create | Scout Cavalry |
| 18:46 | Create | Scout Cavalry |
| 19:00 | Create | Scout Cavalry |
| 19:00 | Create | Scout Cavalry |
| 19:12 | Create | Spearman |
| 19:20 | Create | Villager (Male) |
| 19:20 | Create | Villager (Male) |
| 19:32 | Create | Villager (Male) |
| 19:47 | Create | Scout Cavalry |
| 19:47 | Create | Scout Cavalry |
| 20:06 | Create | Villager (Male) |
| 20:06 | Create | Villager (Male) |
| 20:36 | Create | Villager (Male) |
| 20:44 | Build | Farm |
| 20:44 | Build | Farm |
| 20:45 | Build | Farm |
| 20:45 | Build | Farm |
| 20:49 | Build | Mining Camp |
| 20:54 | Create | Scout Cavalry |
| 20:54 | Create | Scout Cavalry |
| 21:10 | Create | Scout Cavalry |
| 21:10 | Create | Scout Cavalry |
| 21:25 | Create | Villager (Male) |
| 21:29 | Build | Farm |
| 21:32 | Build | Farm |
| 21:35 | Build | Farm |
| 21:40 | Build | Farm |
| 21:45 | Create | Villager (Male) |
| 21:50 | Create | Scout Cavalry |
| 21:51 | Create | Scout Cavalry |
| 22:09 | Create | Villager (Male) |
| 22:10 | Create | Scout Cavalry |
| 22:21 | Create | Villager (Male) |
| 22:34 | Create | Scout Cavalry |
| 23:13 | Create | Scout Cavalry |
| 23:13 | Create | Scout Cavalry |
| 23:16 | Create | Villager (Male) |
| 23:23 | Create | Villager (Male) |
| 23:29 | Create | Scout Cavalry |
| 23:33 | Build | Farm |
| 23:57 | Research | Bloodlines |
| 24:15 | Create | Scout Cavalry |
| 24:18 | Create | Scout Cavalry |
| 24:24 | Create | Villager (Male) |
| 24:39 | Create | Villager (Male) |
Build order — Vlad von Carstein
First 150 of 186 actions detected
| 0:01 | Create | Villager (Male) |
| 0:01 | Create | Villager (Male) |
| 0:02 | Create | Villager (Male) |
| 0:02 | Create | Villager (Male) |
| 0:03 | Build | House |
| 0:04 | Build | House |
| 1:18 | Create | Villager (Male) |
| 1:18 | Create | Villager (Male) |
| 2:10 | Create | Villager (Male) |
| 2:10 | Create | Villager (Male) |
| 2:10 | Create | Villager (Male) |
| 2:22 | Create | Villager (Male) |
| 2:52 | Create | Villager (Male) |
| 2:52 | Create | Villager (Male) |
| 2:53 | Create | Villager (Male) |
| 2:57 | Build | Lumber Camp |
| 3:11 | Create | Villager (Male) |
| 3:44 | Create | Villager (Male) |
| 3:45 | Create | Villager (Male) |
| 4:09 | Build | House |
| 4:14 | Create | Villager (Male) |
| 4:15 | Create | Villager (Male) |
| 4:15 | Create | Villager (Male) |
| 4:46 | Create | Villager (Male) |
| 4:46 | Create | Villager (Male) |
| 5:11 | Build | Mill |
| 5:17 | Create | Villager (Male) |
| 5:44 | Research | Loom |
| 6:11 | Research | Feudal Age |
| 6:43 | Build | House |
| 7:09 | Build | Barracks |
| 7:20 | Build | Palisade Wall |
| 7:28 | Build | Palisade Wall |
| 7:46 | Build | Palisade Wall |
| 7:48 | Build | Palisade Wall |
| 7:52 | Create | Villager (Male) |
| 8:23 | Build | Mining Camp |
| 8:30 | Age | Feudal Age |
| 8:35 | Create | Villager (Male) |
| 8:41 | Build | Archery Range |
| 8:47 | Create | Villager (Male) |
| 9:06 | Create | Villager (Male) |
| 9:23 | Create | Archer |
| 9:23 | Create | Archer |
| 9:33 | Build | Archery Range |
| 9:37 | Build | Archery Range |
| 9:39 | Build | House |
| 9:45 | Create | Villager (Male) |
| 9:55 | Create | Villager (Male) |
| 9:56 | Create | Archer |
| 10:07 | Create | Archer |
| 10:16 | Create | Villager (Male) |
| 10:25 | Research | Double-Bit Axe |
| 10:25 | Research | Double-Bit Axe |
| 10:28 | Build | House |
| 10:54 | Create | Villager (Male) |
| 11:02 | Build | House |
| 11:09 | Create | Archer |
| 11:10 | Create | Archer |
| 11:23 | Create | Spearman |
| 11:24 | Create | Spearman |
| 11:34 | Create | Villager (Male) |
| 11:34 | Create | Villager (Male) |
| 11:35 | Create | Villager (Male) |
| 11:41 | Create | Archer |
| 11:47 | Create | Villager (Male) |
| 11:54 | Create | Villager (Male) |
| 11:55 | Create | Villager (Male) |
| 12:06 | Create | Archer |
| 12:06 | Create | Archer |
| 12:06 | Create | Archer |
| 12:10 | Create | Archer |
| 12:11 | Create | Archer |
| 12:31 | Create | Archer |
| 12:46 | Create | Archer |
| 12:47 | Create | Archer |
| 12:59 | Build | House |
| 13:11 | Create | Archer |
| 13:17 | Build | Blacksmith |
| 13:26 | Create | Villager (Male) |
| 13:28 | Create | Archer |
| 13:46 | Build | House |
| 13:47 | Build | Palisade Wall |
| 13:57 | Build | Mill |
| 14:03 | Build | Mill |
| 14:04 | Create | Villager (Male) |
| 14:12 | Build | House |
| 14:18 | Research | Fletching |
| 14:18 | Research | Fletching |
| 14:19 | Create | Villager (Male) |
| 14:25 | Create | Archer |
| 14:25 | Create | Archer |
| 14:26 | Create | Archer |
| 14:26 | Create | Archer |
| 14:41 | Build | Farm |
| 14:46 | Create | Villager (Male) |
| 14:58 | Create | Archer |
| 14:58 | Create | Archer |
| 15:17 | Build | Farm |
| 15:18 | Build | Farm |
| 15:19 | Build | Farm |
| 15:23 | Create | Archer |
| 15:25 | Create | Villager (Male) |
| 15:25 | Create | Villager (Male) |
| 15:40 | Build | Farm |
| 15:48 | Build | Farm |
| 15:51 | Create | Villager (Male) |
| 16:01 | Build | House |
| 16:02 | Build | House |
| 16:05 | Create | Archer |
| 16:06 | Create | Archer |
| 16:06 | Create | Archer |
| 16:21 | Build | Farm |
| 16:24 | Create | Villager (Male) |
| 16:33 | Research | Padded Archer Armor |
| 16:34 | Research | Padded Archer Armor |
| 16:44 | Create | Archer |
| 16:49 | Build | House |
| 16:53 | Create | Villager (Male) |
| 16:55 | Create | Archer |
| 16:59 | Build | Farm |
| 17:05 | Build | Farm |
| 17:20 | Create | Archer |
| 17:21 | Create | Archer |
| 17:22 | Create | Villager (Male) |
| 17:22 | Create | Villager (Male) |
| 17:52 | Build | Farm |
| 17:55 | Create | Villager (Male) ×3 |
| 18:00 | Create | Archer |
| 18:00 | Create | Archer |
| 18:01 | Build | Farm |
| 19:07 | Create | Archer ×5 |
| 19:07 | Create | Archer ×5 |
| 19:08 | Create | Archer |
| 19:42 | Create | Villager (Male) ×5 |
| 19:47 | Create | Archer |
| 19:48 | Build | Farm |
| 19:48 | Build | Farm |
| 19:48 | Build | Farm |
| 19:49 | Build | Farm |
| 19:49 | Build | Farm |
| 19:49 | Build | Farm |
| 19:50 | Build | Farm |
| 19:50 | Build | Farm |
| 19:50 | Build | Farm |
| 19:50 | Build | Farm |
| 20:17 | Build | Lumber Camp |
| 20:47 | Create | Archer |
| 20:49 | Create | Villager (Male) |
| 20:55 | Build | Farm |
Build order — Myrmidon Overlord
First 150 of 181 actions detected
| 0:01 | Create | Villager (Male) |
| 0:01 | Create | Villager (Male) |
| 0:02 | Build | House |
| 0:04 | Build | House |
| 0:25 | Create | Villager (Male) |
| 0:25 | Create | Villager (Male) |
| 1:27 | Create | Villager (Male) |
| 2:40 | Create | Villager (Male) |
| 2:40 | Create | Villager (Male) |
| 2:49 | Create | Villager (Male) |
| 2:55 | Create | Villager (Male) |
| 2:55 | Create | Villager (Male) |
| 3:05 | Build | Lumber Camp |
| 3:19 | Create | Villager (Male) |
| 3:42 | Create | Villager (Male) |
| 3:42 | Create | Villager (Male) |
| 3:42 | Create | Villager (Male) |
| 4:06 | Build | House |
| 4:31 | Create | Villager (Male) |
| 4:33 | Create | Villager (Male) |
| 4:54 | Create | Villager (Male) |
| 4:58 | Create | Villager (Male) |
| 5:24 | Create | Villager (Male) |
| 5:32 | Create | Villager (Male) |
| 6:12 | Build | Mining Camp |
| 7:05 | Research | Feudal Age |
| 7:53 | Build | House |
| 8:42 | Build | Barracks |
| 8:50 | Build | Palisade Wall |
| 8:57 | Research | Loom |
| 9:25 | Age | Feudal Age |
| 9:43 | Build | Archery Range |
| 9:50 | Create | Villager (Male) |
| 9:51 | Create | Villager (Male) |
| 10:09 | Build | House |
| 10:19 | Build | Archery Range |
| 10:25 | Create | Villager (Male) |
| 10:27 | Create | Archer |
| 10:37 | Build | House |
| 10:38 | Build | Palisade Wall |
| 10:38 | Build | Palisade Wall |
| 10:49 | Build | Palisade Wall |
| 10:50 | Build | Palisade Wall |
| 11:01 | Build | Palisade Wall |
| 11:03 | Build | Palisade Wall |
| 11:04 | Build | Palisade Wall |
| 11:09 | Create | Archer |
| 11:09 | Create | Archer |
| 11:13 | Create | Villager (Male) |
| 11:13 | Create | Villager (Male) |
| 11:27 | Create | Villager (Male) |
| 11:35 | Build | Blacksmith |
| 11:42 | Create | Villager (Male) |
| 11:52 | Research | Double-Bit Axe |
| 11:58 | Create | Villager (Male) |
| 12:00 | Build | Mill |
| 12:02 | Create | Archer |
| 12:13 | Build | House |
| 12:30 | Create | Villager (Male) |
| 12:49 | Research | Fletching |
| 12:51 | Create | Villager (Male) |
| 13:15 | Build | Lumber Camp |
| 13:16 | Create | Villager (Male) |
| 13:23 | Create | Archer |
| 13:23 | Create | Archer |
| 13:31 | Create | Archer |
| 13:58 | Create | Archer |
| 13:58 | Create | Archer |
| 13:58 | Create | Villager (Male) |
| 14:11 | Build | Palisade Gate |
| 14:12 | Build | House |
| 14:19 | Create | Archer |
| 14:32 | Create | Villager (Male) |
| 14:32 | Create | Villager (Male) |
| 14:35 | Build | Farm |
| 14:38 | Build | Farm |
| 14:39 | Create | Archer |
| 14:39 | Create | Archer |
| 15:12 | Create | Archer |
| 15:12 | Create | Archer |
| 15:14 | Create | Villager (Male) |
| 15:18 | Build | House |
| 15:24 | Create | Villager (Male) |
| 15:29 | Build | Palisade Wall |
| 15:32 | Build | Palisade Wall |
| 15:38 | Create | Archer |
| 15:39 | Create | Archer |
| 15:41 | Build | Farm |
| 15:44 | Build | House |
| 15:45 | Build | Farm |
| 15:48 | Build | Farm |
| 16:00 | Create | Villager (Male) |
| 16:07 | Build | Palisade Wall |
| 16:10 | Create | Archer |
| 16:10 | Create | Archer |
| 16:17 | Create | Archer |
| 16:17 | Create | Archer |
| 16:45 | Create | Archer |
| 16:46 | Create | Archer |
| 16:49 | Create | Villager (Male) |
| 17:21 | Research | Padded Archer Armor |
| 17:22 | Create | Villager (Male) |
| 17:23 | Create | Archer |
| 17:24 | Create | Archer |
| 17:56 | Create | Archer |
| 17:57 | Create | Archer |
| 18:15 | Create | Villager (Male) |
| 18:20 | Build | Mill |
| 18:21 | Build | Farm |
| 18:21 | Build | Farm |
| 18:21 | Build | Farm |
| 18:22 | Build | Farm |
| 18:22 | Build | Farm |
| 19:22 | Create | Archer ×4 |
| 19:23 | Create | Archer ×4 |
| 19:31 | Create | Villager (Male) |
| 19:38 | Build | Farm |
| 19:40 | Build | Farm |
| 19:42 | Build | Farm |
| 19:42 | Research | Horse Collar |
| 19:45 | Build | Farm |
| 19:52 | Build | Lumber Camp |
| 20:01 | Create | Archer |
| 20:01 | Create | Archer |
| 20:04 | Build | Farm |
| 20:07 | Research | Gold Mining |
| 20:10 | Create | Villager (Male) |
| 20:47 | Create | Archer |
| 20:47 | Create | Archer |
| 20:47 | Create | Villager (Male) |
| 20:50 | Create | Villager (Male) |
| 20:57 | Build | Watch Tower |
| 20:57 | Create | Villager (Male) |
| 21:04 | Create | Archer |
| 21:05 | Create | Archer |
| 21:11 | Create | Villager (Male) |
| 21:31 | Create | Villager (Male) |
| 21:41 | Build | Farm |
| 21:42 | Create | Villager (Male) |
| 21:47 | Build | House |
| 21:47 | Create | Villager (Male) |
| 21:53 | Create | Villager (Male) |
| 22:05 | Create | Archer |
| 22:05 | Create | Archer |
| 22:06 | Create | Villager (Male) |
| 22:08 | Create | Villager (Male) |
| 22:16 | Create | Archer |
| 22:17 | Create | Archer |
| 22:25 | Create | Villager (Male) |
| 22:27 | Create | Villager (Male) |
Match timeline
| 4:48 | Hebron · first_building Barracks |
| 5:51 | Hebron · wall_segment Palisade Wall x1 |
| 7:09 | Vlad von Carstein · first_building Barracks |
| 7:20 | Vlad von Carstein · wall_segment Palisade Wall x1 |
| 7:28 | Vlad von Carstein · wall_segment Palisade Wall x1 |
| 7:46 | Vlad von Carstein · wall_segment Palisade Wall x1 |
| 7:48 | Vlad von Carstein · wall_segment Palisade Wall x1 |
| 7:53 | MDkaiserotto · first_building Barracks |
| 8:12 | c3mbrillo p3pinillo · first_building Barracks |
| 8:14 | champyinz21 · first_building Barracks |
| 8:30 | Vlad von Carstein · age_up feudal |
| 8:31 | Hebron · age_up feudal |
| 8:35 | Hebron · first_building Archery Range |
| 8:41 | Vlad von Carstein · first_building Archery Range |
| 8:42 | Myrmidon Overlord · first_building Barracks |
| 8:50 | Myrmidon Overlord · wall_segment Palisade Wall x1 |
| 8:52 | c3mbrillo p3pinillo · age_up feudal |
| 8:56 | MDkaiserotto · age_up feudal |
| 9:02 | MDkaiserotto · first_building Archery Range |
| 9:09 | champyinz21 · age_up feudal |
| 9:14 | c3mbrillo p3pinillo · first_building Stable |
| 9:14 | champyinz21 · first_building Stable |
| 9:25 | Myrmidon Overlord · age_up feudal |
| 9:43 | Myrmidon Overlord · first_building Archery Range |
| 10:23 | champyinz21 · wall_segment Palisade Wall x1 |
| 10:25 | champyinz21 · wall_segment Palisade Wall x1 |
| 10:38 | Myrmidon Overlord · wall_segment Palisade Wall x1 |
| 10:38 | Myrmidon Overlord · wall_segment Palisade Wall x1 |
| 10:49 | Myrmidon Overlord · wall_segment Palisade Wall x1 |
| 10:50 | Myrmidon Overlord · wall_segment Palisade Wall x1 |
| 11:01 | Myrmidon Overlord · wall_segment Palisade Wall x1 |
| 11:03 | Myrmidon Overlord · wall_segment Palisade Wall x1 |
| 11:04 | Myrmidon Overlord · wall_segment Palisade Wall x1 |
| 11:32 | c3mbrillo p3pinillo · wall_segment Palisade Wall x3 |
| 12:05 | MDkaiserotto · wall_segment Palisade Wall x4 |
| 13:05 | c3mbrillo p3pinillo · wall_segment Palisade Wall x1 |
| 13:12 | c3mbrillo p3pinillo · wall_segment Palisade Wall x1 |
| 13:45 | c3mbrillo p3pinillo · wall_segment Palisade Wall x1 |
| 13:47 | Vlad von Carstein · wall_segment Palisade Wall x4 |
| 13:52 | c3mbrillo p3pinillo · wall_segment Palisade Wall x10 |
| 15:29 | Myrmidon Overlord · wall_segment Palisade Wall x1 |
| 15:32 | Myrmidon Overlord · wall_segment Palisade Wall x1 |
| 16:07 | Myrmidon Overlord · wall_segment Palisade Wall x1 |
| 22:12 | MDkaiserotto · wall_segment Palisade Wall x14 |
| 22:22 | c3mbrillo p3pinillo · age_up castle |
| 22:36 | MDkaiserotto · wall_segment Palisade Wall x9 |
| 22:49 | MDkaiserotto · wall_segment Palisade Wall x13 |
| 24:23 | MDkaiserotto · first_market_buy 100 food |
| 24:35 | Vlad von Carstein · age_up castle |
| 24:48 | Myrmidon Overlord · first_market_buy 100 food |
| 24:50 | Myrmidon Overlord · first_market_sell 100 wood |
| 24:52 | Hebron · age_up castle |
| 25:22 | Hebron · resign |
[ AI ANALYSIS · 1 CREDIT ]
What really happened in this match?
Wolo.gg analyzes every decision: build order, eco, micro, common mistakes by bracket. Personalized analysis on WhatsApp or Discord in 30 seconds.
Civ guide
Ethiopians
Perfil
Jugador #3126202